 Dungeon Crawl Stone Soup version 0.24.1 (webtiles) character file.

Game seed: 13420680741130816962, levelgen mode: deterministic

73 Peloso the Skirmisher (level 4, -1/41 HPs)
             Began as a Minotaur Fighter on Apr 7, 2020.
             Slain by a necrophage (4 damage)
             ... on level 5 of the Dungeon.
             The game lasted 00:02:13 (856 turns).

Peloso the Skirmisher (Minotaur Fighter)             Turns: 856, Time: 00:02:14

Health: -1/41      AC:  9    Str: 20    XL:     4   Next: 8%
Magic:  3/3        EV:  7    Int:  5    God:
Gold:   29         SH:  9    Dex: 11    Spells: 3/3 levels left

rFire    . . .     SeeInvis .   a - +0 long sword
rCold    . . .     Gourm    .   c - +0 shield
rNeg     . . .     Faith    .   b - +0 scale mail
rPois    .         Spirit   .   (helmet unavailable)
rElec    .         Reflect  .   (no cloak)
rCorr    .         Harm     .   (no gloves)
MR       +....                  (no boots)
Stlth    ..........             (no amulet)
HPRegen  0.13/turn              (no ring)
MPRegen  0.08/turn              (no ring)

@: no status effects
A: retaliatory headbutt, horns 3, talons 1, thin metallic scales 1, magic
resistance 1
a: no special abilities


You were on level 5 of the Dungeon.
You were not hungry.

You visited 1 branch of the dungeon, and saw 5 of its levels.

You collected 29 gold pieces.

Inventory:

Hand Weapons
 a - a +0 long sword (weapon)
Armour
 b - a +0 scale mail (worn)
 c - a +0 shield (worn)
Scrolls
 i - a scroll of teleportation
Potions
 d - a potion of might
 j - a potion of flight {unknown}
 l - a potion of curing {unknown}
Comestibles
 f - 3 rations


   Skills:
 + Level 4.3 Fighting
 + Level 3.6 Long Blades
 + Level 4.2 Armour
 + Level 0.4 Dodging
 + Level 4.0 Shields


You had 3 spell levels left.
You didn't know any spells.
Your spell library was empty.

Dungeon Overview and Level Annotations

Branches:
Dungeon (5/15)
 Temple: D:4-7

Altars:
Cheibriados


Innate Abilities, Weirdness & Mutations

You reflexively headbutt those who attack you in melee.
You have a pair of large horns on your head.
You have sharp toenails.
You are partially covered in thin metallic scales. (AC +2)
You are resistant to hostile enchantments. (MR+)


Message History

The quokka barely misses you. You furiously retaliate!
You headbutt the quokka!
You kill the quokka!
Unknown command.
The necrophage hits you but does no damage.
Unknown command.
The necrophage barely misses you.
Unknown command.
You block the necrophage's attack.
The phantom hits you but does no damage.
Unknown command.
You block the necrophage's attack. The phantom hits you.
* * * LOW HITPOINT WARNING * * *
The phantom blinks!
Unknown command.
You block the necrophage's attack.
Unknown command.
The necrophage barely misses you.
You riposte.
You barely miss the necrophage.
Unknown command.
The necrophage hits you.
You die...

###......##....
#............
#...........
#..........#
#......#####
###..W...# ###
#.........##...#
#.......†.....)+
+........@.....#
#.........n......
#............##..
#.........(...#
#.###...#....+ #.
#...#....#
.........# #####
#...#


You could see a phantom and a necrophage.

Vanquished Creatures
  A worker ant (D:4)
  2 oozes (D:1)
  2 dart slugs
  A leopard gecko (D:5)
  A giant cockroach (D:1)
  6 hobgoblins
  2 quokkas
  3 bats (D:1)
  4 frilled lizards (D:1)
  5 goblins
  4 kobolds (D:1)
  5 rats
36 creatures vanquished.

Notes
Turn   | Place    | Note
-------+----------+-------------------------------------------
     0 | D:1      | Peloso the Minotaur Fighter began the quest for the Orb.
     0 | D:1      | Reached XP level 1. HP: 19/19 MP: 0/0
   102 | D:1      | Reached XP level 2. HP: 24/27 MP: 1/1
   306 | D:1      | Reached XP level 3. HP: 32/33 MP: 2/2
   680 | D:2      | Gained mutation: You are partially covered in thin metallic
                  | scales. (AC +2) [potion of mutation]
   680 | D:2      | Gained mutation: You have sharp toenails. [potion of
                  | mutation]
   680 | D:2      | Gained mutation: You are resistant to hostile enchantments.
                  | (MR+) [potion of mutation]
   680 | D:2      | Gained mutation: You have a pair of large horns on your
                  | head. [potion of mutation]
   727 | D:4      | Found a snail-covered altar of Cheibriados.
   738 | D:4      | Reached XP level 4. HP: 30/41 MP: 3/3
   819 | D:5      | Entered Level 5 of the Dungeon
   819 | D:5      | Noticed a phantom
   831 | D:5      | Noticed a necrophage
   847 | D:5      | HP: 2/41 [quokka (1)]
   853 | D:5      | HP: 2/41 [phantom (1)]
   856 | D:5      | Slain by a necrophage

Levels and vault maps discovered:
D:1:      dpeg_arrival_rhombus, layout_basic, eino_curves_04,
          serial_park_tiny_1, minmay_hexomino_f4
D:2:      layout_rooms, kiku_gazebo_garden_becter, fedhas_altar_3,
          old_standard_altar, chequers_temple_overflow_minitemple,
          hangedman_abyss_or_decor_stabs, minmay_misc_feat_hallway,
          serial_bayou_pond_b, minivault_19
D:3:      layout_rooms, lemuel_round_altar
D:4:      layout_basic, minmay_temple_entry_antechambers, kennysheep_slug_shrine
D:5:      layout_basic, first_ration, serial_glass, glass_columns_a,
          glass_columns_a

Skill      XL: |  1  2  3 |
---------------+----------+-----
Fighting       | 4 |  4.3
Armour         | 4 |  4.2
Long Blades    | 3 |  3.6
Shields        | 4 |  4.0
Dodging        | |  0.4

Action                   |  1- 3 |  4- 6 || total
-------------------------+-------+-------++-------
Melee: Long sword        |    74 |     5 ||    79
       Headbutt          |     9 |     1 ||    10
       Kick              |     3 |       ||     3
  Use: Scroll            |     3 |       ||     3
       Potion            |     2 |       ||     2
Armor: Scale mail        |    33 |    38 ||    71
Dodge: Dodged            |    22 |    19 ||    41
Block: Shield            |    40 |    34 ||    74
       Rpst.: Long sword |     7 |     4 ||    11
